[ AOE2 MATCH · #506782116 ]
UnrankedVietnamese vs Goths
[ REPLAY ANALYSIS · EXTRACTED FROM THE RECORDED GAME ]
Feudal
13:29
Castle
18:39
Imperial
36:11
| APM avg | 42.3 |
| APM peak | 66 |
| eAPM avg | 21.5 |
| Villagers / military | 212 / 215 |
Focus
⚔️ 27.6% · 🌾 72.4%
Fire Lancer ×109 · Skirmisher ×60 · Spearman ×41 · Trebuchet (Packed) ×4 · Battering Ram ×1
Feudal
13:48
Castle
18:45
Imperial
36:16
| APM avg | 17.4 |
| APM peak | 34 |
| eAPM avg | 12.8 |
| Villagers / military | 125 / 127 |
Focus
⚔️ 31.7% · 🌾 68.3%
Spearman ×59 · Militia ×45 · Scorpion ×13 · Battering Ram ×6 · Bombard Cannon ×3 · Monk ×1
Feudal
13:19
Castle
16:49
Imperial
41:47
| APM avg | 72.4 |
| APM peak | 145 |
| eAPM avg | 45.4 |
| Villagers / military | 162 / 196 |
Focus
⚔️ 51.2% · 🌾 48.8%
Camel Scout ×128 · Chakram Thrower ×40 · Armored Elephant ×12 · Shrivamsha Rider ×9 · Scorpion ×6 · Monk ×1
Feudal
12:21
Castle
23:44
Imperial
43:45
| APM avg | 48.8 |
| APM peak | 92 |
| eAPM avg | 26.4 |
| Villagers / military | 133 / 185 |
Focus
⚔️ 38.5% · 🌾 61.5%
Knight ×99 · Spearman ×59 · Scout Cavalry ×15 · Monk ×8 · Trebuchet (Packed) ×4
Feudal
13:07
Castle
17:10
Imperial
40:20
| APM avg | 32.2 |
| APM peak | 59 |
| eAPM avg | 18.1 |
| Villagers / military | 153 / 156 |
Focus
⚔️ 30.3% · 🌾 69.7%
Knight ×84 · Hand Cannoneer ×22 · Scout Cavalry ×21 · Skirmisher ×12 · Battering Ram ×8 · Trebuchet (Packed) ×5
Feudal
13:17
Castle
20:54
Imperial
48:31
| APM avg | 22.9 |
| APM peak | 61 |
| eAPM avg | 13.6 |
| Villagers / military | 186 / 89 |
Focus
⚔️ 22.8% · 🌾 77.2%
Cavalry Archer ×72 · Spearman ×13 · Scout Cavalry ×4
Match map
Initial resources + every placement click. Lines = walls · curves = elevation contours. ◆ gold · ⬟ stone · ● berries · ✦ relic · ◌ wall gap
Your base· Open — unwalled flank
Erick14mar's base· Open — unwalled flank
MXTS | Fayer's base· Open — 6t gap
Eldiano's base· Open — 13t gap
12014665's base· Open — unwalled flank
|DD2E| Poloisses's base· Open — 6t gap
Smoothed initial terrain · ◌ = detected wall gap · hover for details
Inputs per minute
— _Ctm_NeO_ - - Erick14mar
Build order — _Ctm_NeO_
First 150 of 471 actions detected
| 0:07 | Build | House |
| 0:35 | Build | Town Center |
| 2:59 | Queue | Villager (Male) |
| 2:59 | Queue | Villager (Male) |
| 2:59 | Queue | Villager (Male) |
| 2:59 | Queue | Villager (Male) |
| 4:04 | Build | House |
| 4:05 | Queue | Villager (Male) |
| 4:05 | Queue | Villager (Male) |
| 4:06 | Queue | Villager (Male) |
| 4:38 | Queue | Villager (Male) |
| 5:13 | Queue | Villager (Male) |
| 5:13 | Queue | Villager (Male) |
| 5:21 | Queue | Villager (Male) |
| 5:21 | Queue | Villager (Male) |
| 6:17 | Research | Loom |
| 6:24 | Build | Lumber Camp |
| 6:25 | Queue | Villager (Male) |
| 6:25 | Queue | Villager (Male) |
| 6:29 | Queue | Villager (Male) |
| 6:29 | Queue | Villager (Male) |
| 6:30 | Queue | Villager (Male) |
| 6:41 | Queue | Villager (Male) |
| 6:41 | Queue | Villager (Male) |
| 7:15 | Queue | Villager (Male) |
| 7:15 | Queue | Villager (Male) |
| 7:20 | Build | House |
| 8:26 | Build | House |
| 8:31 | Queue | Villager (Male) |
| 8:48 | Queue | Villager (Male) |
| 8:52 | Build | House |
| 9:06 | Queue | Villager (Male) |
| 10:11 | Queue | Villager (Male) |
| 10:18 | Build | Mill |
| 10:34 | Queue | Villager (Male) |
| 11:00 | Research | Feudal Age |
| 11:00 | Research | Feudal Age |
| 11:00 | Research | Feudal Age |
| 11:48 | Build | House |
| 12:01 | Build | Palisade Wall |
| 12:10 | Build | House |
| 12:32 | Build | Palisade Wall |
| 12:41 | Build | Palisade Wall |
| 13:15 | Build | Barracks |
| 13:27 | Queue | Villager (Male) |
| 13:27 | Queue | Villager (Male) |
| 13:29 | Age | Feudal Age |
| 14:04 | Build | Blacksmith |
| 14:19 | Queue | Villager (Male) |
| 14:40 | Queue | Villager (Male) |
| 14:59 | Build | Archery Range |
| 15:03 | Queue | Villager (Male) |
| 15:29 | Queue | Villager (Male) |
| 15:43 | Research | Castle Age |
| 15:43 | Research | Castle Age |
| 17:26 | Build | Lumber Camp |
| 17:31 | Build | Farm |
| 17:32 | Build | Farm |
| 18:05 | Queue | Spearman |
| 18:36 | Queue | Villager (Male) |
| 18:36 | Queue | Villager (Male) |
| 18:39 | Age | Castle Age |
| 18:48 | Build | Town Center |
| 18:58 | Queue | Villager (Male) |
| 19:18 | Build | House |
| 19:28 | Queue | Villager (Male) |
| 19:44 | Build | Town Center |
| 19:58 | Queue | Villager (Male) |
| 20:05 | Queue | Villager (Male) |
| 20:05 | Queue | Villager (Male) |
| 20:15 | Build | Farm |
| 20:25 | Queue | Fire Lancer |
| 20:45 | Queue | Villager (Male) |
| 20:46 | Research | Scale Mail Armor |
| 20:47 | Research | Scale Mail Armor |
| 20:57 | Queue | Fire Lancer |
| 21:01 | Build | House |
| 21:03 | Build | Palisade Wall |
| 21:06 | Build | House |
| 21:08 | Build | Palisade Wall |
| 21:11 | Build | Palisade Wall |
| 21:15 | Queue | Villager (Male) |
| 21:15 | Queue | Villager (Male) |
| 21:15 | Queue | Villager (Male) |
| 21:25 | Build | Farm |
| 21:27 | Build | Farm |
| 21:30 | Queue | Villager (Male) |
| 21:30 | Queue | Villager (Male) |
| 21:36 | Queue | Villager (Male) |
| 21:46 | Build | Farm |
| 21:48 | Build | Farm |
| 21:55 | Queue | Villager (Male) |
| 21:56 | Queue | Villager (Male) |
| 22:13 | Queue | Villager (Male) |
| 22:18 | Build | Farm |
| 22:26 | Build | Farm |
| 22:29 | Build | Farm |
| 22:33 | Build | Farm |
| 22:36 | Build | Farm |
| 22:40 | Queue | Villager (Male) |
| 22:40 | Queue | Villager (Male) |
| 22:51 | Build | House |
| 22:57 | Queue | Villager (Male) |
| 23:05 | Build | Farm |
| 23:06 | Build | Farm |
| 23:09 | Build | Farm |
| 23:10 | Build | Farm |
| 23:12 | Queue | Villager (Male) |
| 23:12 | Queue | Villager (Male) |
| 23:16 | Build | House |
| 23:20 | Build | Farm |
| 23:23 | Build | Farm |
| 23:24 | Queue | Villager (Male) |
| 23:24 | Queue | Villager (Male) |
| 23:31 | Queue | Fire Lancer |
| 23:31 | Queue | Fire Lancer |
| 23:34 | Queue | Villager (Male) |
| 23:34 | Queue | Villager (Male) |
| 23:39 | Queue | Villager (Male) |
| 23:40 | Queue | Villager (Male) |
| 23:55 | Build | Farm |
| 23:57 | Build | Farm |
| 24:00 | Queue | Villager (Male) |
| 24:03 | Queue | Villager (Male) |
| 24:08 | Queue | Villager (Male) |
| 24:27 | Research | Wheelbarrow |
| 24:30 | Research | Double-Bit Axe |
| 24:30 | Research | Double-Bit Axe |
| 24:36 | Queue | Villager (Male) |
| 24:37 | Queue | Villager (Male) |
| 24:44 | Build | House |
| 24:45 | Build | House |
| 24:47 | Build | House |
| 24:50 | Queue | Villager (Male) |
| 24:50 | Queue | Villager (Male) |
| 24:51 | Queue | Villager (Male) |
| 25:05 | Queue | Villager (Male) |
| 25:05 | Queue | Villager (Male) |
| 25:10 | Build | House |
| 25:11 | Build | House |
| 25:25 | Queue | Villager (Male) |
| 25:26 | Queue | Villager (Male) |
| 25:26 | Queue | Villager (Male) |
| 25:29 | Queue | Villager (Male) |
| 25:29 | Queue | Villager (Male) |
| 25:48 | Queue | Fire Lancer |
| 25:49 | Queue | Fire Lancer |
| 25:50 | Queue | Villager (Male) |
| 25:53 | Build | Barracks |
| 26:03 | Queue | Villager (Male) |
Build order — Erick14mar
First 150 of 355 actions detected
| 0:36 | Build | Town Center |
| 0:44 | Build | Barracks |
| 0:47 | Build | House |
| 2:08 | Queue | Militia |
| 2:50 | Queue | Villager (Male) ×3 |
| 4:15 | Queue | Villager (Male) |
| 4:20 | Build | House |
| 4:49 | Queue | Villager (Male) |
| 4:49 | Queue | Villager (Male) |
| 5:18 | Queue | Villager (Male) |
| 5:53 | Queue | Villager (Male) |
| 6:10 | Queue | Villager (Male) |
| 6:52 | Queue | Villager (Male) |
| 6:52 | Queue | Villager (Male) |
| 7:15 | Build | Lumber Camp |
| 7:18 | Queue | Villager (Male) |
| 7:48 | Queue | Villager (Male) |
| 7:51 | Research | Loom |
| 7:52 | Queue | Villager (Male) ×2 |
| 8:06 | Build | House |
| 8:31 | Queue | Villager (Male) |
| 8:42 | Queue | Villager (Male) |
| 9:29 | Build | House |
| 10:10 | Queue | Villager (Male) |
| 10:11 | Queue | Villager (Male) |
| 10:57 | Queue | Villager (Male) |
| 11:12 | Build | House |
| 11:21 | Build | Mill |
| 11:38 | Research | Feudal Age |
| 12:59 | Queue | Villager (Male) |
| 13:00 | Queue | Villager (Male) |
| 13:08 | Build | Mining Camp |
| 13:48 | Age | Feudal Age |
| 13:50 | Queue | Villager (Male) |
| 13:50 | Queue | Villager (Male) |
| 13:51 | Queue | Villager (Male) |
| 14:05 | Build | Market |
| 14:51 | Build | Blacksmith |
| 15:02 | Queue | Villager (Male) |
| 15:28 | Queue | Villager (Male) |
| 16:05 | Research | Castle Age |
| 16:11 | Build | Mining Camp |
| 16:33 | Queue | Spearman |
| 16:59 | Queue | Spearman |
| 17:50 | Build | House |
| 17:54 | Build | House |
| 18:08 | Queue | Spearman |
| 18:08 | Queue | Spearman |
| 18:27 | Research | Scale Mail Armor |
| 18:35 | Queue | Villager (Male) |
| 18:35 | Queue | Villager (Male) |
| 18:45 | Age | Castle Age |
| 18:48 | Queue | Villager (Male) |
| 19:01 | Queue | Villager (Male) |
| 19:14 | Build | Town Center |
| 19:21 | Research | Horse Collar |
| 19:47 | Queue | Spearman |
| 19:47 | Queue | Spearman |
| 20:40 | Queue | Villager (Male) |
| 20:40 | Queue | Villager (Male) |
| 20:41 | Queue | Villager (Male) |
| 20:41 | Queue | Villager (Male) |
| 20:42 | Queue | Villager (Male) |
| 20:52 | Queue | Spearman |
| 20:52 | Queue | Spearman |
| 21:07 | Build | Town Center |
| 21:15 | Queue | Villager (Male) |
| 21:15 | Queue | Villager (Male) |
| 22:42 | Queue | Villager (Male) |
| 22:42 | Queue | Villager (Male) |
| 23:05 | Build | Lumber Camp |
| 23:19 | Build | Farm |
| 23:19 | Build | Farm |
| 23:20 | Build | Farm |
| 23:20 | Build | Farm |
| 23:20 | Build | Farm |
| 23:21 | Build | Farm |
| 23:27 | Queue | Villager (Male) |
| 23:27 | Queue | Villager (Male) |
| 23:38 | Queue | Villager (Male) |
| 23:39 | Queue | Villager (Male) |
| 23:39 | Queue | Villager (Male) |
| 23:39 | Queue | Villager (Male) |
| 23:58 | Queue | Villager (Male) |
| 23:59 | Queue | Villager (Male) |
| 24:18 | Build | Farm |
| 24:21 | Queue | Villager (Male) |
| 24:26 | Build | Farm |
| 24:27 | Build | Farm |
| 24:28 | Build | Farm |
| 24:29 | Build | Farm |
| 24:36 | Queue | Villager (Male) |
| 24:48 | Build | House |
| 24:49 | Build | House |
| 24:49 | Build | House |
| 24:50 | Build | House |
| 25:32 | Queue | Villager (Male) |
| 25:33 | Queue | Villager (Male) |
| 25:59 | Build | Castle |
| 26:04 | Build | Town Center |
| 26:17 | Research | Man-at-Arms (upgrade) |
| 26:17 | Research | Squires |
| 26:18 | Queue | Militia |
| 26:58 | Build | Farm |
| 26:58 | Build | Farm |
| 26:59 | Build | Farm |
| 26:59 | Build | Farm |
| 27:00 | Build | Farm |
| 27:00 | Build | Farm |
| 27:00 | Build | Farm |
| 27:01 | Build | Farm |
| 27:01 | Build | Farm |
| 27:01 | Build | Farm |
| 27:02 | Build | Farm |
| 27:02 | Build | Farm |
| 27:13 | Research | Forging |
| 27:13 | Queue | Villager (Male) |
| 27:20 | Build | House |
| 27:20 | Build | House |
| 27:21 | Build | House |
| 27:21 | Build | House |
| 27:22 | Build | House |
| 27:23 | Build | House |
| 27:23 | Build | House |
| 27:24 | Build | House |
| 27:24 | Build | House |
| 27:24 | Build | House |
| 27:24 | Build | House |
| 27:25 | Build | House |
| 27:25 | Build | House |
| 27:33 | Queue | Militia |
| 27:35 | Queue | Villager (Male) |
| 27:36 | Queue | Villager (Male) |
| 28:15 | Build | Farm |
| 28:16 | Build | Farm |
| 28:18 | Build | Farm |
| 28:36 | Research | Long Swordsman (upgrade) |
| 28:38 | Queue | Villager (Male) |
| 28:38 | Queue | Villager (Male) |
| 28:48 | Build | House |
| 28:54 | Build | Monastery |
| 28:59 | Build | House |
| 29:00 | Build | House |
| 29:02 | Build | House |
| 29:04 | Build | House |
| 29:07 | Queue | Villager (Male) |
| 29:07 | Queue | Villager (Male) |
| 29:13 | Queue | Villager (Male) ×2 |
| 29:44 | Queue | Villager (Male) |
| 29:44 | Queue | Villager (Male) |
Build order — MXTS | Fayer
First 150 of 576 actions detected
| 0:07 | Build | Town Center |
| 1:59 | Build | House |
| 2:24 | Research | Loom |
| 2:24 | Queue | Villager (Male) |
| 2:24 | Queue | Villager (Male) |
| 2:24 | Queue | Villager (Male) |
| 2:25 | Queue | Villager (Male) |
| 2:25 | Queue | Villager (Male) |
| 3:14 | Build | House |
| 3:31 | Build | House |
| 3:46 | Queue | Villager (Male) |
| 3:46 | Queue | Villager (Male) |
| 4:19 | Queue | Villager (Male) |
| 4:19 | Queue | Villager (Male) |
| 4:34 | Build | House |
| 4:36 | Build | Lumber Camp |
| 4:38 | Queue | Villager (Male) |
| 4:38 | Queue | Villager (Male) |
| 4:50 | Queue | Villager (Male) |
| 4:50 | Queue | Villager (Male) |
| 5:14 | Build | Mill |
| 5:17 | Queue | Villager (Male) |
| 5:44 | Queue | Villager (Male) |
| 5:58 | Build | House |
| 6:17 | Build | House |
| 6:30 | Build | House |
| 6:41 | Build | House |
| 6:42 | Queue | Villager (Male) |
| 6:42 | Queue | Villager (Male) |
| 7:09 | Queue | Villager (Male) |
| 7:27 | Queue | Villager (Male) |
| 7:33 | Queue | Villager (Male) |
| 7:37 | Queue | Villager (Male) |
| 7:40 | Build | Lumber Camp |
| 7:50 | Build | Lumber Camp |
| 7:59 | Queue | Villager (Male) |
| 8:14 | Build | House |
| 8:27 | Queue | Villager (Male) |
| 8:35 | Build | House |
| 8:51 | Queue | Villager (Male) |
| 9:06 | Build | House |
| 10:07 | Queue | Villager (Male) |
| 10:23 | Build | Mining Camp |
| 10:51 | Research | Feudal Age |
| 11:57 | Build | Barracks |
| 12:20 | Build | Mill |
| 13:08 | Queue | Villager (Male) |
| 13:19 | Age | Feudal Age |
| 13:21 | Build | Blacksmith |
| 13:27 | Build | Stable |
| 13:41 | Queue | Villager (Male) |
| 13:46 | Build | House |
| 14:05 | Research | Castle Age |
| 14:10 | Build | House |
| 14:12 | Build | Palisade Wall |
| 14:18 | Build | Outpost |
| 14:23 | Research | Double-Bit Axe |
| 14:36 | Queue | Villager (Male) |
| 15:09 | Build | Mill |
| 15:24 | Build | Outpost |
| 15:31 | Research | Horse Collar |
| 15:37 | Build | Palisade Gate |
| 15:39 | Build | Palisade Wall |
| 15:45 | Queue | Camel Scout |
| 16:10 | Queue | Camel Scout |
| 16:11 | Queue | Villager (Male) |
| 16:42 | Queue | Villager (Male) |
| 16:49 | Age | Castle Age |
| 16:55 | Build | Siege Workshop |
| 16:57 | Research | Bow Saw |
| 17:00 | Queue | Villager (Male) |
| 17:11 | Queue | Villager (Male) |
| 17:18 | Queue | Camel Scout |
| 17:30 | Build | Farm |
| 17:31 | Build | Farm |
| 17:32 | Queue | Villager (Male) |
| 17:39 | Build | Farm |
| 17:40 | Queue | Villager (Male) |
| 17:43 | Build | Farm |
| 17:44 | Queue | Villager (Male) |
| 17:54 | Queue | Scorpion |
| 18:04 | Queue | Villager (Male) |
| 18:10 | Queue | Villager (Male) |
| 18:25 | Queue | Villager (Male) |
| 18:28 | Build | Farm |
| 18:29 | Build | Farm |
| 18:31 | Build | Farm |
| 18:35 | Queue | Villager (Male) |
| 18:44 | Queue | Camel Scout |
| 18:45 | Queue | Camel Scout |
| 18:52 | Queue | Villager (Male) |
| 18:55 | Build | Farm |
| 18:58 | Build | Farm |
| 19:07 | Research | Husbandry |
| 19:13 | Build | House |
| 19:14 | Build | House |
| 19:25 | Build | House |
| 19:30 | Build | Farm |
| 19:33 | Build | House |
| 19:45 | Queue | Armored Elephant |
| 20:10 | Queue | Villager (Male) |
| 20:25 | Queue | Shrivamsha Rider |
| 20:28 | Queue | Villager (Male) |
| 20:32 | Build | Farm |
| 20:33 | Build | Farm |
| 20:45 | Queue | Scorpion |
| 20:47 | Build | House |
| 20:49 | Build | House |
| 20:50 | Queue | Villager (Male) |
| 21:02 | Queue | Armored Elephant |
| 21:03 | Queue | Villager (Male) |
| 21:10 | Build | Palisade Wall |
| 21:13 | Build | House |
| 21:38 | Research | Scale Barding Armor |
| 21:51 | Queue | Shrivamsha Rider |
| 22:11 | Queue | Villager (Male) |
| 22:15 | Queue | Shrivamsha Rider |
| 22:16 | Queue | Shrivamsha Rider |
| 22:27 | Queue | Villager (Male) |
| 22:29 | Queue | Camel Scout |
| 22:32 | Build | Stable |
| 22:37 | Build | Mill |
| 22:38 | Build | Farm |
| 22:38 | Build | Farm |
| 22:38 | Build | Farm |
| 22:38 | Build | Farm |
| 22:39 | Build | Farm |
| 22:42 | Queue | Villager (Male) |
| 22:43 | Build | House |
| 22:58 | Queue | Villager (Male) |
| 22:59 | Queue | Villager (Male) |
| 23:18 | Queue | Shrivamsha Rider |
| 23:22 | Build | House |
| 23:22 | Build | House |
| 23:30 | Queue | Shrivamsha Rider |
| 23:34 | Queue | Villager (Male) |
| 23:53 | Queue | Villager (Male) |
| 23:59 | Queue | Villager (Male) |
| 24:03 | Build | Town Center |
| 24:05 | Queue | Villager (Male) |
| 24:20 | Queue | Shrivamsha Rider |
| 24:33 | Build | House |
| 24:34 | Build | House |
| 24:35 | Queue | Villager (Male) |
| 24:54 | Research | Bloodlines |
| 25:10 | Build | Lumber Camp |
| 25:12 | Research | Heavy Plow |
| 25:13 | Queue | Villager (Male) |
| 25:21 | Queue | Camel Scout |
| 25:35 | Queue | Villager (Male) |
Build order — Eldiano
First 150 of 518 actions detected
| 0:18 | Build | Town Center |
| 1:12 | Build | House |
| 1:48 | Build | House |
| 2:39 | Queue | Villager (Male) |
| 2:39 | Research | Loom |
| 2:40 | Queue | Villager (Male) |
| 2:40 | Queue | Villager (Male) |
| 2:41 | Queue | Villager (Male) |
| 3:54 | Queue | Villager (Male) |
| 4:55 | Build | Lumber Camp |
| 4:57 | Queue | Villager (Male) |
| 5:18 | Queue | Villager (Male) |
| 5:40 | Queue | Villager (Male) |
| 5:47 | Queue | Villager (Male) |
| 6:13 | Build | House |
| 6:26 | Build | House |
| 6:32 | Build | House |
| 6:36 | Queue | Villager (Male) |
| 6:45 | Build | House |
| 7:11 | Build | House |
| 7:15 | Queue | Villager (Male) |
| 7:36 | Queue | Villager (Male) |
| 7:48 | Queue | Villager (Male) |
| 8:03 | Queue | Villager (Male) |
| 8:28 | Build | House |
| 8:36 | Queue | Villager (Male) |
| 9:12 | Build | Mill |
| 9:15 | Queue | Villager (Male) |
| 9:31 | Queue | Villager (Male) |
| 10:11 | Research | Feudal Age |
| 10:58 | Build | Barracks |
| 11:03 | Build | House |
| 12:21 | Age | Feudal Age |
| 12:25 | Build | Stable |
| 12:30 | Research | Double-Bit Axe |
| 12:32 | Queue | Villager (Male) |
| 12:32 | Queue | Villager (Male) |
| 12:35 | Build | House |
| 12:37 | Build | House |
| 12:46 | Queue | Villager (Male) |
| 12:58 | Build | House |
| 13:00 | Build | House |
| 13:07 | Build | Palisade Wall |
| 13:09 | Build | Palisade Wall |
| 13:21 | Queue | Scout Cavalry |
| 13:21 | Queue | Scout Cavalry |
| 13:21 | Queue | Scout Cavalry |
| 13:22 | Queue | Scout Cavalry |
| 13:24 | Queue | Scout Cavalry |
| 13:35 | Build | Palisade Gate |
| 13:50 | Build | Palisade Wall |
| 13:53 | Queue | Villager (Male) |
| 13:59 | Build | Farm |
| 14:08 | Research | Horse Collar |
| 14:11 | Build | Farm |
| 14:11 | Queue | Villager (Male) |
| 14:14 | Queue | Scout Cavalry |
| 14:16 | Queue | Villager (Male) |
| 14:26 | Build | Farm |
| 14:33 | Build | Palisade Wall |
| 14:44 | Build | Palisade Wall |
| 14:54 | Queue | Villager (Male) |
| 15:02 | Queue | Scout Cavalry |
| 15:11 | Build | Farm |
| 15:23 | Build | Palisade Wall |
| 15:32 | Queue | Villager (Male) |
| 15:35 | Queue | Scout Cavalry |
| 15:47 | Build | Farm |
| 15:48 | Queue | Villager (Male) |
| 15:50 | Build | Farm |
| 15:54 | Build | Farm |
| 16:04 | Queue | Villager (Male) |
| 16:12 | Build | Farm |
| 16:14 | Build | Farm |
| 16:23 | Queue | Villager (Male) |
| 16:43 | Queue | Villager (Male) |
| 16:47 | Build | Farm |
| 17:08 | Build | Farm |
| 17:39 | Queue | Villager (Male) |
| 17:40 | Queue | Villager (Male) |
| 18:03 | Queue | Villager (Male) |
| 18:07 | Queue | Villager (Male) |
| 18:12 | Build | Mining Camp |
| 18:27 | Build | Blacksmith |
| 18:49 | Build | House |
| 19:01 | Build | House |
| 19:03 | Build | House |
| 19:17 | Queue | Villager (Male) |
| 19:48 | Queue | Villager (Male) |
| 19:57 | Build | House |
| 20:14 | Queue | Villager (Male) |
| 20:23 | Queue | Villager (Male) |
| 20:31 | Build | House |
| 20:32 | Build | House |
| 20:46 | Research | Castle Age |
| 21:04 | Build | Mill |
| 21:05 | Build | Farm |
| 21:05 | Build | Farm |
| 21:05 | Build | Farm |
| 21:17 | Build | House |
| 21:20 | Build | House |
| 21:51 | Queue | Villager (Male) |
| 22:39 | Build | Stable |
| 22:51 | Research | Gold Mining |
| 23:34 | Build | Lumber Camp |
| 23:44 | Age | Castle Age |
| 23:48 | Research | Husbandry |
| 23:53 | Queue | Knight |
| 23:54 | Queue | Knight |
| 23:54 | Queue | Knight |
| 23:54 | Queue | Knight |
| 24:04 | Queue | Knight |
| 24:04 | Queue | Knight |
| 24:05 | Queue | Knight |
| 24:10 | Queue | Villager (Male) |
| 24:14 | Build | House |
| 24:17 | Build | House |
| 24:18 | Build | House |
| 24:35 | Build | Stable |
| 24:38 | Research | Bloodlines |
| 24:41 | Queue | Knight |
| 24:41 | Queue | Knight |
| 24:43 | Queue | Villager (Male) |
| 24:58 | Research | Scale Barding Armor |
| 25:06 | Research | Wheelbarrow |
| 25:06 | Research | Town Watch |
| 25:07 | Queue | Villager (Male) |
| 25:16 | Queue | Knight |
| 25:17 | Queue | Knight |
| 25:17 | Queue | Knight |
| 25:25 | Queue | Villager (Male) |
| 25:48 | Queue | Knight |
| 25:48 | Queue | Knight |
| 25:49 | Queue | Villager (Male) |
| 26:01 | Build | Town Center |
| 26:21 | Queue | Villager (Male) |
| 26:25 | Queue | Villager (Male) |
| 26:27 | Build | Lumber Camp |
| 26:36 | Queue | Knight |
| 26:36 | Queue | Knight |
| 26:36 | Queue | Knight |
| 26:37 | Queue | Villager (Male) |
| 26:40 | Build | House |
| 26:53 | Queue | Knight |
| 26:54 | Queue | Knight |
| 26:54 | Queue | Knight |
| 27:19 | Queue | Villager (Male) |
| 27:21 | Build | Farm |
| 27:25 | Research | Heavy Plow |
| 27:26 | Research | Bow Saw |
Build order — 12014665
First 150 of 486 actions detected
| 0:31 | Build | Town Center |
| 1:05 | Build | House |
| 2:51 | Queue | Villager (Male) |
| 2:52 | Queue | Villager (Male) |
| 2:52 | Queue | Villager (Male) |
| 3:27 | Queue | Villager (Male) |
| 3:27 | Queue | Villager (Male) |
| 3:28 | Queue | Villager (Male) |
| 4:04 | Queue | Villager (Male) |
| 4:04 | Queue | Villager (Male) |
| 4:39 | Queue | Villager (Male) |
| 4:39 | Queue | Villager (Male) |
| 4:43 | Build | House |
| 5:20 | Queue | Villager (Male) |
| 5:20 | Queue | Villager (Male) |
| 5:24 | Build | House |
| 5:32 | Build | Lumber Camp |
| 5:58 | Build | House |
| 6:12 | Queue | Villager (Male) |
| 6:38 | Queue | Villager (Male) |
| 6:38 | Queue | Villager (Male) |
| 6:58 | Queue | Villager (Male) |
| 7:30 | Queue | Villager (Male) |
| 8:04 | Queue | Villager (Male) |
| 8:52 | Queue | Villager (Male) |
| 8:52 | Queue | Villager (Male) |
| 9:21 | Build | Mill |
| 9:32 | Queue | Villager (Male) |
| 9:32 | Queue | Villager (Male) |
| 10:22 | Queue | Villager (Male) |
| 10:40 | Build | Barracks |
| 10:49 | Research | Feudal Age |
| 10:49 | Research | Feudal Age |
| 11:10 | Build | House |
| 11:22 | Research | Loom |
| 12:33 | Research | Double-Bit Axe |
| 12:34 | Research | Double-Bit Axe |
| 13:07 | Age | Feudal Age |
| 13:09 | Build | Stable |
| 13:13 | Queue | Villager (Male) |
| 13:44 | Build | Blacksmith |
| 14:05 | Queue | Villager (Male) |
| 14:28 | Research | Castle Age |
| 14:28 | Research | Castle Age |
| 14:53 | Research | Bow Saw |
| 14:53 | Research | Bow Saw |
| 14:58 | Research | Horse Collar |
| 14:59 | Research | Horse Collar |
| 15:24 | Queue | Scout Cavalry |
| 15:54 | Research | Heavy Plow |
| 15:59 | Queue | Villager (Male) |
| 16:42 | Build | House |
| 16:43 | Build | House |
| 17:10 | Age | Castle Age |
| 17:14 | Queue | Villager (Male) |
| 17:19 | Build | Town Center |
| 17:27 | Queue | Knight |
| 17:27 | Queue | Knight |
| 17:51 | Queue | Villager (Male) |
| 18:05 | Queue | Villager (Male) |
| 18:34 | Queue | Knight |
| 18:35 | Queue | Villager (Male) |
| 18:37 | Queue | Villager (Male) |
| 19:09 | Build | Farm |
| 19:11 | Build | Farm |
| 19:12 | Build | Farm |
| 19:15 | Queue | Villager (Male) |
| 19:15 | Queue | Villager (Male) |
| 19:32 | Build | House |
| 19:46 | Queue | Knight |
| 19:46 | Queue | Knight |
| 19:50 | Build | Farm |
| 19:50 | Build | Farm |
| 19:50 | Build | Farm |
| 19:51 | Build | Farm |
| 20:06 | Build | House |
| 20:34 | Queue | Villager (Male) |
| 20:53 | Build | Mill |
| 21:08 | Queue | Villager (Male) |
| 21:10 | Queue | Villager (Male) |
| 21:17 | Build | Farm |
| 21:33 | Queue | Knight |
| 21:34 | Queue | Villager (Male) |
| 21:39 | Build | Farm |
| 21:40 | Build | Farm |
| 21:59 | Queue | Villager (Male) |
| 21:59 | Queue | Villager (Male) |
| 22:03 | Build | Farm |
| 22:13 | Queue | Villager (Male) |
| 22:15 | Queue | Villager (Male) |
| 22:15 | Queue | Villager (Male) |
| 22:31 | Queue | Villager (Male) |
| 22:38 | Queue | Villager (Male) |
| 22:38 | Queue | Villager (Male) |
| 22:50 | Queue | Villager (Male) |
| 22:54 | Build | Farm |
| 22:55 | Build | Farm |
| 23:10 | Build | House |
| 23:11 | Build | House |
| 23:13 | Queue | Villager (Male) |
| 23:15 | Queue | Villager (Male) |
| 23:38 | Queue | Villager (Male) |
| 23:41 | Queue | Villager (Male) |
| 23:56 | Queue | Villager (Male) |
| 23:58 | Queue | Villager (Male) |
| 24:20 | Queue | Villager (Male) |
| 24:24 | Queue | Villager (Male) |
| 24:28 | Build | Town Center |
| 24:34 | Research | Scale Barding Armor |
| 24:35 | Research | Scale Barding Armor |
| 24:36 | Build | House |
| 24:41 | Queue | Knight |
| 24:48 | Queue | Villager (Male) |
| 24:50 | Queue | Villager (Male) |
| 25:00 | Queue | Villager (Male) |
| 25:15 | Queue | Villager (Male) |
| 25:30 | Queue | Scout Cavalry |
| 25:31 | Queue | Villager (Male) |
| 25:36 | Build | Castle |
| 25:46 | Queue | Villager (Male) |
| 25:49 | Research | Wheelbarrow |
| 25:50 | Research | Wheelbarrow |
| 26:00 | Queue | Knight |
| 26:05 | Queue | Villager (Male) |
| 26:11 | Build | Farm |
| 26:12 | Build | Farm |
| 26:13 | Build | Farm |
| 26:18 | Queue | Villager (Male) |
| 26:18 | Queue | Villager (Male) |
| 26:19 | Build | Farm |
| 26:20 | Build | Farm |
| 26:29 | Queue | Knight |
| 26:33 | Queue | Villager (Male) |
| 26:39 | Build | Stable |
| 26:46 | Queue | Villager (Male) |
| 26:48 | Queue | Villager (Male) |
| 26:50 | Build | Farm |
| 26:51 | Build | Farm |
| 27:17 | Queue | Villager (Male) |
| 27:21 | Queue | Villager (Male) |
| 27:22 | Queue | Villager (Male) |
| 27:29 | Queue | Villager (Male) |
| 27:29 | Queue | Villager (Male) |
| 27:49 | Research | Cavalier (upgrade) |
| 27:49 | Research | Cavalier (upgrade) |
| 27:53 | Queue | Villager (Male) |
| 27:59 | Build | Town Center |
| 28:03 | Queue | Villager (Male) |
| 28:04 | Build | Farm |
| 28:05 | Build | Farm |
Build order — |DD2E| Poloisses
First 150 of 395 actions detected
| 0:06 | Build | Town Center |
| 2:22 | Queue | Villager (Male) |
| 2:22 | Queue | Villager (Male) |
| 2:22 | Queue | Villager (Male) |
| 2:22 | Queue | Villager (Male) |
| 2:22 | Queue | Villager (Male) |
| 2:23 | Queue | Villager (Male) |
| 2:23 | Queue | Villager (Male) |
| 3:46 | Queue | Villager (Male) |
| 3:46 | Queue | Villager (Male) |
| 3:47 | Queue | Villager (Male) |
| 3:47 | Queue | Villager (Male) |
| 3:47 | Queue | Villager (Male) |
| 4:35 | Queue | Villager (Male) |
| 4:35 | Queue | Villager (Male) |
| 4:35 | Queue | Villager (Male) |
| 4:36 | Queue | Villager (Male) |
| 4:36 | Queue | Villager (Male) |
| 4:59 | Build | Lumber Camp |
| 5:21 | Research | Loom |
| 5:58 | Queue | Villager (Male) |
| 5:58 | Queue | Villager (Male) |
| 5:58 | Queue | Villager (Male) |
| 5:59 | Queue | Villager (Male) |
| 6:09 | Queue | Villager (Male) |
| 6:10 | Queue | Villager (Male) |
| 6:10 | Queue | Villager (Male) |
| 6:10 | Queue | Villager (Male) |
| 7:30 | Queue | Villager (Male) |
| 7:31 | Queue | Villager (Male) |
| 7:31 | Queue | Villager (Male) |
| 7:31 | Queue | Villager (Male) |
| 7:31 | Queue | Villager (Male) |
| 7:31 | Queue | Villager (Male) |
| 7:32 | Queue | Villager (Male) |
| 7:32 | Queue | Villager (Male) |
| 8:34 | Build | Mill |
| 8:40 | Build | Mill |
| 8:41 | Queue | Villager (Male) |
| 9:52 | Queue | Villager (Male) |
| 9:53 | Queue | Villager (Male) |
| 10:01 | Queue | Villager (Male) |
| 10:20 | Research | Feudal Age |
| 11:24 | Build | Mining Camp |
| 11:34 | Build | Palisade Wall |
| 11:42 | Build | Palisade Wall |
| 11:55 | Queue | Villager (Male) |
| 11:56 | Queue | Villager (Male) |
| 12:27 | Build | Barracks |
| 13:17 | Age | Feudal Age |
| 13:21 | Build | Stable |
| 13:35 | Research | Double-Bit Axe |
| 13:58 | Build | Blacksmith |
| 14:09 | Build | Blacksmith |
| 14:09 | Queue | Scout Cavalry |
| 14:10 | Queue | Scout Cavalry |
| 14:10 | Queue | Scout Cavalry |
| 14:13 | Queue | Villager (Male) |
| 14:13 | Queue | Villager (Male) |
| 14:29 | Build | Mill |
| 14:50 | Build | Palisade Wall |
| 15:05 | Queue | Scout Cavalry |
| 15:09 | Queue | Villager (Male) |
| 15:09 | Queue | Villager (Male) |
| 15:34 | Queue | Villager (Male) |
| 16:25 | Queue | Villager (Male) |
| 16:39 | Build | Market |
| 16:49 | Queue | Villager (Male) |
| 16:54 | Build | Farm |
| 17:09 | Build | Farm |
| 17:09 | Build | Farm |
| 17:09 | Build | Farm |
| 17:10 | Build | Farm |
| 17:10 | Build | Farm |
| 17:10 | Build | Farm |
| 17:49 | Queue | Villager (Male) |
| 17:57 | Build | Palisade Wall |
| 18:00 | Build | Palisade Gate |
| 18:06 | Research | Castle Age |
| 18:06 | Research | Castle Age |
| 18:06 | Research | Castle Age |
| 18:12 | Queue | Spearman |
| 18:12 | Queue | Spearman |
| 18:35 | Queue | Villager (Male) |
| 18:53 | Build | Palisade Wall |
| 19:09 | Research | Horse Collar |
| 19:57 | Queue | Villager (Male) |
| 20:21 | Queue | Villager (Male) |
| 20:50 | Queue | Spearman |
| 20:51 | Queue | Spearman |
| 20:51 | Queue | Spearman |
| 20:54 | Age | Castle Age |
| 21:11 | Build | Lumber Camp |
| 21:33 | Build | Barracks |
| 21:57 | Queue | Spearman |
| 21:57 | Queue | Spearman |
| 21:57 | Queue | Spearman |
| 21:59 | Research | Pikeman (upgrade) |
| 22:04 | Queue | Villager (Male) |
| 22:14 | Queue | Spearman |
| 22:14 | Queue | Spearman |
| 22:14 | Queue | Spearman |
| 22:15 | Queue | Spearman |
| 22:15 | Queue | Spearman |
| 22:27 | Queue | Villager (Male) |
| 22:28 | Queue | Villager (Male) |
| 24:23 | Build | Town Center |
| 24:32 | Build | Town Center |
| 25:29 | Queue | Villager (Male) |
| 25:29 | Queue | Villager (Male) |
| 25:29 | Queue | Villager (Male) |
| 25:44 | Queue | Villager (Male) |
| 26:02 | Build | Farm |
| 26:05 | Build | Farm |
| 26:08 | Build | Farm |
| 26:56 | Queue | Villager (Male) |
| 27:13 | Queue | Villager (Male) |
| 27:34 | Build | Mill |
| 27:41 | Queue | Villager (Male) |
| 28:11 | Queue | Villager (Male) |
| 28:21 | Build | Farm |
| 28:25 | Build | Farm |
| 28:35 | Queue | Villager (Male) |
| 28:59 | Build | Mining Camp |
| 29:05 | Queue | Villager (Male) |
| 29:05 | Queue | Villager (Male) |
| 29:15 | Queue | Villager (Male) |
| 29:38 | Queue | Villager (Male) |
| 29:47 | Build | Farm |
| 29:53 | Build | Farm |
| 29:58 | Build | Farm |
| 29:59 | Queue | Villager (Male) |
| 29:59 | Queue | Villager (Male) |
| 30:00 | Queue | Villager (Male) |
| 30:00 | Queue | Villager (Male) |
| 30:00 | Queue | Villager (Male) |
| 30:05 | Build | Farm |
| 31:31 | Queue | Villager (Male) |
| 31:31 | Queue | Villager (Male) |
| 31:57 | Queue | Villager (Male) |
| 32:21 | Research | Wheelbarrow |
| 32:54 | Build | Mining Camp |
| 33:03 | Queue | Villager (Male) |
| 33:19 | Build | Lumber Camp |
| 33:25 | Queue | Villager (Male) |
| 34:18 | Build | Town Center |
| 34:23 | Queue | Villager (Male) |
| 35:11 | Build | Market |
| 35:49 | Queue | Villager (Male) |
| 35:49 | Queue | Villager (Male) |
Match timeline
| 0:44 | Erick14mar · first_building Barracks |
| 10:40 | 12014665 · first_building Barracks |
| 10:58 | Eldiano · first_building Barracks |
| 11:34 | |DD2E| Poloisses · wall_segment Palisade Wall x2 |
| 11:42 | |DD2E| Poloisses · wall_segment Palisade Wall x8 |
| 11:57 | MXTS | Fayer · first_building Barracks |
| 12:01 | _Ctm_NeO_ · wall_segment Palisade Wall x4 |
| 12:21 | Eldiano · age_up feudal |
| 12:25 | Eldiano · first_building Stable |
| 12:27 | |DD2E| Poloisses · first_building Barracks |
| 12:32 | _Ctm_NeO_ · wall_segment Palisade Wall x4 |
| 12:41 | _Ctm_NeO_ · wall_segment Palisade Wall x5 |
| 13:07 | 12014665 · age_up feudal |
| 13:07 | Eldiano · wall_segment Palisade Wall x1 |
| 13:09 | 12014665 · first_building Stable |
| 13:09 | Eldiano · wall_segment Palisade Wall x1 |
| 13:15 | _Ctm_NeO_ · first_building Barracks |
| 13:17 | |DD2E| Poloisses · age_up feudal |
| 13:19 | MXTS | Fayer · age_up feudal |
| 13:21 | |DD2E| Poloisses · first_building Stable |
| 13:27 | MXTS | Fayer · first_building Stable |
| 13:29 | _Ctm_NeO_ · age_up feudal |
| 13:48 | Erick14mar · age_up feudal |
| 13:50 | Eldiano · wall_segment Palisade Wall x10 |
| 14:12 | MXTS | Fayer · wall_segment Palisade Wall x4 |
| 14:33 | Eldiano · wall_segment Palisade Wall x4 |
| 14:44 | Eldiano · wall_segment Palisade Wall x8 |
| 14:50 | |DD2E| Poloisses · wall_segment Palisade Wall x6 |
| 14:59 | _Ctm_NeO_ · first_building Archery Range |
| 15:23 | Eldiano · wall_segment Palisade Wall x1 |
| 15:39 | MXTS | Fayer · wall_segment Palisade Wall x1 |
| 16:49 | MXTS | Fayer · age_up castle |
| 16:55 | MXTS | Fayer · first_building Siege Workshop |
| 17:10 | 12014665 · age_up castle |
| 17:57 | |DD2E| Poloisses · wall_segment Palisade Wall x6 |
| 18:04 | |DD2E| Poloisses · first_market_buy 100 food |
| 18:39 | _Ctm_NeO_ · age_up castle |
| 18:45 | Erick14mar · age_up castle |
| 18:53 | |DD2E| Poloisses · wall_segment Palisade Wall x5 |
| 20:54 | |DD2E| Poloisses · age_up castle |
| 21:03 | _Ctm_NeO_ · wall_segment Palisade Wall x1 |
| 21:08 | _Ctm_NeO_ · wall_segment Palisade Wall x1 |
| 21:10 | MXTS | Fayer · wall_segment Palisade Wall x1 |
| 21:11 | _Ctm_NeO_ · wall_segment Palisade Wall x1 |
| 23:37 | Erick14mar · first_market_buy 500 food |
| 23:44 | Eldiano · age_up castle |
| 25:36 | 12014665 · first_building Castle |
| 25:59 | Erick14mar · first_building Castle |
| 26:02 | MXTS | Fayer · first_building Monastery |
| 26:22 | Erick14mar · first_market_sell 100 wood |
| 28:54 | Erick14mar · first_building Monastery |
| 29:14 | Eldiano · first_building Monastery |
| 29:51 | MXTS | Fayer · wall_segment Stone Wall x18 |
| 30:17 | Eldiano · first_market_sell 100 wood |
| 30:31 | 12014665 · first_building Siege Workshop |
| 31:55 | _Ctm_NeO_ · first_building Monastery |
| 33:33 | MXTS | Fayer · wall_segment Stone Wall x1 |
| 34:05 | Erick14mar · first_building Siege Workshop |
| 34:06 | MXTS | Fayer · wall_segment Stone Wall x1 |
| 35:43 | _Ctm_NeO_ · first_building Castle |
| 36:11 | _Ctm_NeO_ · age_up imperial |
| 36:16 | Erick14mar · age_up imperial |
| 36:45 | MXTS | Fayer · wall_segment Stone Wall x1 |
| 37:00 | MXTS | Fayer · first_building Castle |
| 38:17 | 12014665 · wall_segment Stone Wall x9 |
| 38:23 | 12014665 · wall_segment Stone Wall x6 |
| 38:27 | 12014665 · wall_segment Stone Wall x23 |
| 38:34 | 12014665 · wall_segment Stone Wall x26 |
| 38:42 | 12014665 · wall_segment Stone Wall x33 |
| 39:33 | MXTS | Fayer · first_market_sell 500 food |
| 40:20 | 12014665 · age_up imperial |
| 41:02 | Eldiano · first_market_buy 100 wood |
| 41:23 | Eldiano · first_building Castle |
| 41:45 | 12014665 · first_building Archery Range |
| 41:47 | MXTS | Fayer · age_up imperial |
| 43:35 | _Ctm_NeO_ · first_building Siege Workshop |
| 43:45 | Eldiano · age_up imperial |
| 44:21 | |DD2E| Poloisses · first_building Monastery |
| 45:06 | Erick14mar · first_building Stable |
| 45:24 | Eldiano · wall_segment Stone Wall x19 |
| 45:37 | Eldiano · wall_segment Stone Wall x15 |
| 45:57 | |DD2E| Poloisses · first_building Archery Range |
| 48:09 | |DD2E| Poloisses · first_building Castle |
| 48:31 | |DD2E| Poloisses · age_up imperial |
| 49:57 | Eldiano · resign |
[ AI ANALYSIS · 1 CREDIT ]
What really happened in this match?
Wolo.gg analyzes every decision: build order, eco, micro, common mistakes by bracket. Personalized analysis on WhatsApp or Discord in 30 seconds.
Civ guide
Vietnamese
Perfil
Jugador #3404978